 Dungeon Crawl Stone Soup version 0.30-a0-879-ga8ba668304 (webtiles) character file.

Game seed: 2740565683038724556

3113 FlurksSlurper the Martial Artist (level 9, -3/68 HPs)
             Began as a Demonspawn Gladiator on Mar 14, 2023.
             Was a Believer of Vehumet.
             Slain by an ogre
             ... wielding a +0 giant club
              (18 damage)
             ... on level 7 of the Dungeon.
             The game lasted 00:20:32 (6372 turns).

FlurksSlurper the Martial Artist (DsGl)             Turns: 6372, Time: 00:20:33

Health: -3/68      AC: 12    Str: 14    XL:     9   Next: 60%
Magic:  24/24      EV: 12    Int: 14    God:    Vehumet [**....]
Gold:   286        SH:  0    Dex: 15    Spells: 12/16 levels left

rFire   . . .      SeeInvis .    F - +0 spear (venom)
rCold   . . .      Faith    .    (no shield)
rNeg    . . .      Spirit   .    w - +0 chain mail
rPois   .          Reflect  .    (no helmet)
rElec   .          Rampage  .    C - +0 cloak
rCorr   .                        (no gloves)
Will    .....                    (no boots) Stlth
                                 (no amulet)
HPRegen 0.31/turn                m - ring of magical power
MPRegen 0.19/turn                A - +5 ring of evasion

@: no status effects
A: claws 2, icy blue scales 1, demonic guardian 2, demonic magic 1
a: Renounce Religion


You were on level 7 of the Dungeon.
You worshipped Vehumet.
Vehumet was pleased with you.
You visited 2 branches of the dungeon, and saw 8 of its levels.
You also visited: Bailey.

You collected 286 gold pieces.

Inventory:

Hand Weapons
 a - a +4 scimitar
 b - a +2 dagger of venom
 l - a +4 short sword
 n - a +2 whip of freezing
 p - a +3 halberd of draining
 z - a +2 halberd of electrocution
 F - a +0 spear of venom (weapon)
Missiles
 d - a javelin
 h - a curare-tipped dart
 j - 3 throwing nets (quivered)
 y - 5 poisoned darts
Armour
 w - a +0 chain mail (worn)
 C - a +0 cloak (worn)
 G - a +0 plate armour
Jewellery
 g - a ring of resist corrosion
 i - a ring of willpower
 m - a ring of magical power (left claw)
 A - a +5 ring of evasion (right claw)
Wands
 r - a wand of polymorph (9)
 s - a wand of light (6)
Scrolls
 k - 2 scrolls of teleportation
 q - 2 scrolls of blinking
 B - 4 scrolls of identify
Potions
 c - 4 potions of mutation {unknown}
 e - a potion of might
 f - 2 potions of magic {unknown}
 o - 2 potions of invisibility {unknown}
 t - 2 potions of brilliance {unknown}
 u - a potion of curing
 v - a potion of resistance {unknown}
 x - a potion of experience {unknown}
 D - a potion of cancellation {unknown}
 E - 2 potions of haste


   Skills:
 + Level 5.5 Fighting
 + Level 0.8 Maces & Flails
 + Level 3.0 Throwing
 + Level 4.7 Armour
 + Level 4.3 Dodging
 + Level 1.1 Stealth
 + Level 8.2 Unarmed Combat
 * Level 4.3 Spellcasting
 * Level 1.3 Conjurations
 * Level 0.4 Poison Magic
 + Level 0.4 Evocations


You had 12 spell levels left.
You knew the following spells:

 Your Spells              Type           Power      Damage    Failure   Level
a - Poisonous Vapours     Pois/Air       6%         N/A       99%         2
b - Searing Ray           Conj           12%        2d4       98%         2

Your spell library contained the following spells:

 Spells                   Type           Power      Damage    Failure   Level
 Inner Flame              Hex/Fire       3%         N/A       100%        3
 Magic Dart               Conj           24%        1d4       94%         1
 Fulminant Prism          Conj/Hex       2%         3d5       100%        4


Dungeon Overview and Level Annotations

Branches:
Dungeon (7/15)             Temple (1/1) D:4          Bailey (visited)

Altars:
Fedhas
Hepliaklqana
Makhleb
Nemelex Xobeh
Okawaru
Qazlal
Vehumet

Annotations:
D:6 Duvessa


Innate Abilities, Weirdness & Mutations

You have very sharp fingernails.
You are partially covered in icy blue scales. (AC +2)
A demonic guardian rushes to your aid.
Spells you cast may paralyse adjacent enemies.


Message History

The killer bee stings you.
You are poisoned.
The killer bee poisons you! The killer bee closely misses you.
You closely miss the killer bee.
The killer bee is moderately wounded.
You feel sick. The killer bee barely misses you. x2
You closely miss the killer bee. Your claw misses the killer bee.
The killer bee is moderately wounded.
You feel sick. The killer bee barely misses you.
The killer bee stings you but does no damage.
The killer bee stings you.
You hit the killer bee.
The killer bee is poisoned.
The killer bee is heavily wounded.
You feel sick.
The killer bee stings you but does no damage.
The killer bee closely misses you.
You closely miss the killer bee.
The killer bee is almost dead.
You feel sick.
You kill the killer bee!
Vehumet accepts your kill.
Your Throwing skill increases to level 3!
You hit the ogre but do no damage.
You feel sick. The ogre hits you with a +0 giant club!
You barely miss the ogre.
You feel sick.
You hit the ogre.
The ogre is poisoned.
The ogre is moderately wounded.
You feel sick.
You are no longer poisoned.
The ogre hits you with a +0 giant club!
* * * LOW HITPOINT WARNING * * *
You hit the ogre.
The ogre is moderately wounded.
The ogre hits you with a +0 giant club.
* * * LOW HITPOINT WARNING * * *
You hit the ogre but do no damage.
The ogre looks as sick as possible!
You claw the ogre.
The ogre is heavily wounded.
The ogre hits you with a +0 giant club!!
You die...

#.. #.. ###.. .....
......
################.......
#..yyO@................
.......y######..##....
#.## ........# #...#
###... ........y #...#
#.... ......... #...##
##.. .........y ##...#
##... .......... #...##
#.... #####.#####
##...## #.... #. ###
##...###....


You could see an ogre (extremely poisoned) and 3 killer bees.

Vanquished Creatures
  An orc knight (Bailey)
  A steam dragon (D:7)
  A water moccasin (D:5)
  An orc warrior (D:7)
  2 ogres
  A phantom (D:4)
  A bullfrog (D:7)
  2 kobold brigands
  Blork the orc (D:5)
  4 scorpions
  4 wights (D:7)
  2 killer bees (D:7)
  2 hounds
  A jelly (D:6)
  4 iguanas
  2 orc wizards
  10 gnolls
  13 adders
  A white imp (D:7)
  An ufetubus (D:4)
  2 worms
  2 dart slugs (D:2)
  18 orcs
  6 ball pythons
  3 endoplasms
  3 giant cockroaches (D:2)
  5 goblins
  11 hobgoblins
  2 jackals (D:3)
  13 kobolds
  4 quokkas
  4 bats
  A frilled lizard (D:1)
  7 rats
136 creatures vanquished.

Vanquished Creatures (collateral kills)
  Grinder (D:3)
  2 ice beasts
  A gnoll sergeant (D:7)
  4 wights (D:7)
  A hound (D:7)
  An orc priest (D:7)
  3 gnolls
  3 orcs
  A kobold (D:7)
17 creatures vanquished.

Grand Total: 153 creatures vanquished

Notes
Turn   | Place    | Note
-------+----------+-------------------------------------------
     0 | D:1      | FlurksSlurper the Demonspawn Gladiator began the quest for
                  | the Orb.
     0 | D:1      | Reached XP level 1. HP: 16/16 MP: 1/1
   252 | D:1      | Gained mutation: Spells you cast may paralyse adjacent
                  | enemies. [demonic ancestry]
   252 | D:1      | Reached XP level 2. HP: 6/22 MP: 2/2
   739 | D:2      | Reached skill level 3 in Unarmed Combat
   836 | D:2      | Gained mutation: A weak demonic guardian rushes to your
                  | aid. [demonic ancestry]
   836 | D:2      | Reached XP level 3. HP: 27/28 MP: 3/3
  1416 | D:2      | Reached skill level 1 in Spellcasting
  1606 | D:3      | Gained mutation: You are partially covered in icy blue
                  | scales. (AC +2) [demonic ancestry]
  1606 | D:3      | Reached XP level 4. HP: 31/34 MP: 5/5
  1619 | D:3      | Reached skill level 1 in Armour
  1799 | D:3      | Noticed Grinder
  1811 | D:4      | Found a blossoming altar of Fedhas.
  1812 | D:4      | Noticed an ogre
  1821 | D:4      | Killed an ogre
  1822 | D:4      | Gained mutation: You have sharp fingernails. [demonic
                  | ancestry]
  1822 | D:4      | Reached XP level 5. HP: 40/40 MP: 7/7
  1859 | D:4      | Noticed a phantom
  1869 | D:4      | Killed a phantom
  1912 | D:4      | Reached skill level 4 in Unarmed Combat
  1940 | D:4      | Gained mutation: A demonic guardian rushes to your aid.
                  | [demonic ancestry]
  1940 | D:4      | Reached XP level 6. HP: 33/47 MP: 8/8
  2036 | D:4      | Found a staircase to the Ecumenical Temple.
  2036 | D:4      | Noticed an ice beast
  2059 | D:4      | Killed an ice beast
  2082 | Temple   | Entered the Ecumenical Temple
  2288 | Temple   | Became a worshipper of Vehumet
  3057 | D:3      | Killed Grinder
  3058 | D:3      | Reached skill level 1 in Stealth
  3058 | D:3      | Reached XP level 7. HP: 32/52 MP: 10/10
  3258 | D:5      | Entered Level 5 of the Dungeon
  3559 | D:5      | Reached * piety under Vehumet
  3559 | D:5      | Offered knowledge of Freeze by Vehumet.
  3560 | D:5      | Reached skill level 5 in Unarmed Combat
  4127 | D:6      | Noticed Blork the orc
  4138 | D:5      | Killed Blork the orc
  4139 | D:5      | Reached XP level 8. HP: 33/60 MP: 12/12
  4230 | D:6      | Noticed Duvessa
  4475 | D:6      | Reached skill level 6 in Unarmed Combat
  4785 | D:7      | Found a flagged portal.
  4814 | D:7      | Reached skill level 7 in Unarmed Combat
  4833 | D:7      | Offered knowledge of Poisonous Vapours by Vehumet.
  4859 | Bailey   | Entered a bailey
  5209 | Bailey   | Reached ** piety under Vehumet
  5474 | Bailey   | Noticed an orc knight
  5511 | Bailey   | Gained mutation: You have very sharp fingernails. [demonic
                  | ancestry]
  5511 | Bailey   | Reached XP level 9. HP: 23/57 MP: 15/15
  5516 | Bailey   | Killed an orc knight
  5517 | Bailey   | Reached skill level 5 in Fighting
  6143 | D:7      | Learned a level 2 spell: Poisonous Vapours
  6146 | D:7      | Learned a level 2 spell: Searing Ray
  6250 | D:7      | Offered knowledge of Inner Flame by Vehumet.
  6257 | D:7      | Reached skill level 8 in Unarmed Combat
  6260 | D:7      | Reached skill level 1 in Conjurations
  6372 | D:7      | Slain by an ogre

Illustrated notes

Levels and vault maps discovered:
D:1:      minmay_arrival_radiant_lines, layout_loops_ring, serial_park_tiny_1,
          minmay_liquid_box, serial_bayou_lagoon_a
D:2:      layout_basic, corner_web_ring
D:3:      layout_rooms, uniq_grinder
D:4:      layout_rooms, fedhas_altar_1, temple_green
D:5:      layout_loops_ring
D:6:      layout_layer_cave, uniq_duvessa, uniq_blork_the_orc
D:7:      lemuel_slime, layout_rooms, serial_curves, eino_curves_04,
          eino_curves_01, eino_curves_01, eino_curves_02, enter_bailey_2
Temple:   mainiacjoe_temple_cubbyholes

Skill      XL: |  1  2  3  4  5  6  7  8  9 |
---------------+----------------------------+-----
Dodging        | 3 4 |  4.3
Unarmed Combat | 3 4 5 7 8 |  8.2
Spellcasting   | 1 2 3 4 |  4.3
Armour         | 1 2 3 4 |  4.7
Fighting       | 3 4 5 |  5.5
Throwing       | 2 3 |  3.0
Stealth        | 1 |  1.1
Conjurations   | 1 |  1.3
Maces & Flails | |  0.8
Poison Magic   | |  0.4
Evocations     | |  0.4

Action                     |  1- 3 |  4- 6 |  7- 9 || total
---------------------------+-------+-------+-------++-------
  Melee: Unarmed           |   186 |   153 |   289 ||   628
         Punch             |     2 |     2 |    14 ||    18
         Whip              |     7 |    13 |       ||    20
         Spear             |       |       |    17 ||    17
  Throw: Dart              |       |     5 |    11 ||    16
         Throwing net      |       |       |     4 ||     4
  Evoke: Wand              |       |       |     4 ||     4
    Use: Potion            |       |     1 |     5 ||     6
         Scroll            |       |       |     8 ||     8
 Armour: Leather armour    |    18 |       |       ||    18
         Ring mail         |    65 |    53 |     4 ||   122
         Chain mail        |       |       |    93 ||    93
  Dodge: Dodged            |   134 |   102 |   213 ||   449

Table legend: (Time is in decaauts)
 A = Elapsed time spent in this place.
 B = Non-inter-level travel time spent in this place.
 C = Inter-level travel time spent in this place.
 D = Time resting spent in this place.
 E = Time spent auto-exploring this place.
 F = Levels seen in this place.
 G = Mean time per level.
                   A        B        C        D        E       F      G
               +--------+--------+--------+--------+--------+-----+--------+
         Total |   6323 |   6108 |    215 |   1019 |   3351 |   9 |  702.6 |
       Dungeon |   5062 |   4924 |    138 |    459 |   2926 |   7 |  723.1 |
        Temple |    283 |    206 |     77 |      0 |    198 |   1 |  283.0 |
        Bailey |    977 |    977 |      0 |    560 |    227 |   1 |  977.0 |
               +--------+--------+--------+--------+--------+-----+--------+

Top non-repeatable levels by time:
     D:5: 1080 daAuts
  Bailey: 977 daAuts
     D:2: 847 daAuts
     D:7: 820 daAuts
     D:3: 738 daAuts
     D:4: 691 daAuts
     D:1: 685 daAuts
  Temple: 283 daAuts
     D:6: 199 daAuts
